 Dungeon Crawl Stone Soup version 0.30-a0-799-g109b55a442 (webtiles) character file.

Game seed: 12254040034339630930

21 Smoke131 the Firebug (level 2, -2/23 HPs)
             Began as a Draconian Fire Elementalist on Feb 20, 2023.
             Slain by Terence
             ... wielding a +0 mace
              (10 damage)
             ... on level 2 of the Dungeon.
             The game lasted 00:01:47 (682 turns).

Smoke131 the Firebug (Draconian Fire Elementalist)   Turns: 682, Time: 00:01:48

Health: -2/23      AC:  4    Str: 10    XL:     2   Next: 65%
Magic:  1/5        EV: 12    Int: 15    God:
Gold:   30         SH:  0    Dex: 11    Spells: 2/5 levels left

rFire   . . .      SeeInvis .    d - +0 spear
rCold   . . .      Faith    .    (no shield)
rNeg    . . .      Spirit   .    (body armour unavailable)
rPois   .          Reflect  .    (helmet restricted)
rElec   .          Harm     .    (no cloak)
rCorr   .          Rampage  .    (no gloves)
Will    .....                    (no boots)
Stlth   ++                       (no amulet)
HPRegen 0.23/turn                (no ring)
MPRegen 0.09/turn                (no ring)

@: no status effects
A: AC +4, unfitting armour, cold-blooded
a: no special abilities


You were on level 2 of the Dungeon.
You visited 1 branch of the dungeon, and saw 2 of its levels.

You collected 30 gold pieces.

Inventory:

Hand Weapons
 d - a +0 spear (weapon)
Scrolls
 b - 2 scrolls of teleportation {unknown}
 c - 5 scrolls of identify {unknown}
Potions
 a - a potion of magic
 e - a potion of haste {unknown}


   Skills:
 + Level 1.0 Fighting
 + Level 2.0 Dodging
 - Level 1.7 Stealth
 + Level 2.2 Spellcasting
 + Level 1.4 Conjurations
 + Level 3.2 Fire Magic


You had 2 spell levels left.
You knew the following spells:

 Your Spells              Type           Power      Damage    Failure   Level
a - Foxfire               Conj/Fire      32%        2x1d5     9%          1
b - Scorch                Fire           22%        2d6       9%          2

Your spell library contained the following spells:

 Spells                   Type           Power      Damage    Failure   Level
 Freeze                   Ice            4%         1d3       22%         1
 Cigotuvi's Dreadful Rot  Necr/Pois/Air  2%         N/A       32%         2
 Inner Flame              Hex/Fire       6%         N/A       32%         3
 Kindle Blastsparks       Fire/Tloc/Air  8%         2d10      38%         3
 Hailstorm                Conj/Ice       3%         3d3       43%         3
 Frozen Ramparts          Ice            2%         1d1       54%         3
 Flame Wave               Conj/Fire      8%         2d5       63%         4
 Dispel Undead            Necr           1%         3d6       91%         4
 Death Channel            Necr           0%         N/A       100%        6


Dungeon Overview and Level Annotations

Branches:
Dungeon (2/15)

Altars:

Annotations:
D:2 Terence


Innate Abilities, Weirdness & Mutations

Your plain brown scales are hard. (AC +4)
You cannot fit into any form of body armour.
You are cold-blooded and may be slowed by cold attacks.


Message History

The foxfire hits Terence but does no damage.
Terence is lightly wounded.
Terence misses you.
Casting: Foxfire (safe; 9% risk of failure)
Confirm with . or Enter, or press ? or * to list all spells.
You conjure some foxfire!
Terence hits you with a +0 mace.
Casting: Foxfire (safe; 9% risk of failure)
Confirm with . or Enter, or press ? or * to list all spells.
You conjure some foxfire!
The foxfire hits Terence.
Terence is moderately wounded.
The foxfire hits Terence.
Terence is heavily wounded.
Terence closely misses you.
Casting: Foxfire (safe; 9% risk of failure)
Confirm with . or Enter, or press ? or * to list all spells.
You conjure some foxfire!
The foxfire hits Terence but does no damage.
Terence is heavily wounded.
The foxfire hits Terence.
Terence is heavily wounded.
Terence hits you with a +0 mace!
You hit Terence but do no damage.
Terence is heavily wounded.
The foxfire hits Terence but does no damage.
Terence is heavily wounded.
The foxfire hits Terence.
Terence is heavily wounded.
Terence closely misses you.
You hit Terence but do no damage.
Terence is heavily wounded.
Terence hits you with a +0 mace.
You closely miss Terence.
Your tail-slap misses Terence.
Terence is heavily wounded.
Terence hits you with a +0 mace.
* * * LOW HITPOINT WARNING * * *
Your magical contamination has completely faded away.
Terence completely misses you. Terence attacks as you move away!
Terence barely misses you. Terence attacks as you move away!
Terence hits you with a +0 mace!
You die...

.#..# ...# ..####..#.#
......#.#
#...#.#######
#####...........#
#...#.#.#.####.##
#.....#@#.......#
#...###@#.#....####
#...# #............
#...# ###.#.########
.....#####.#.#......#
....#..........#####.#
#.........#####.#
.......## #.....#####
#.#............
#.#..##########


You could see Terence.

Vanquished Creatures
  3 ball pythons (D:1)
  An endoplasm (D:1)
  A giant cockroach (D:1)
  2 goblins (D:1)
  3 hobgoblins (D:1)
  A quokka (D:1)
  2 bats (D:1)
  A frilled lizard (D:1)
  3 kobolds (D:1)
  2 rats (D:1)
19 creatures vanquished.

Vanquished Creatures (others)
  8 foxfires (D:2)
8 creatures vanquished.

Grand Total: 27 creatures vanquished

Notes
Turn   | Place    | Note
-------+----------+-------------------------------------------
     0 | D:1      | Smoke131 the Draconian Fire Elementalist began the quest
                  | for the Orb.
     0 | D:1      | Reached XP level 1. HP: 14/14 MP: 3/3
   207 | D:1      | Reached XP level 2. HP: 20/22 MP: 5/5
   330 | D:1      | Learned a level 2 spell: Scorch
   507 | D:1      | Reached skill level 1 in Fighting
   664 | D:2      | Noticed Terence
   682 | D:2      | Slain by Terence

Illustrated notes

Levels and vault maps discovered:
D:1:      evilmike_arrival_plus, layout_rooms
D:2:      layout_basic, ebering_ecumenical_altar_rust, uniq_terence

Skill      XL: |  1  2 |
---------------+-------+-----
Dodging        | 2 |  2.0
Fighting       | 1 |  1.0
Stealth        | |  1.7
Spellcasting   | |  2.2
Conjurations   | |  1.4
Fire Magic     | |  3.2

Action                     || total
---------------------------++-------
  Melee: Unarmed           ||    25
         Spear             ||    57
         Tailslap          ||    10
         Punch             ||     3
   Cast: Foxfire           ||     4
   Stab: Sleeping          ||     1
 Armour: Skin              ||    26
  Dodge: Dodged            ||    59

Table legend: (Time is in decaauts)
 A = Elapsed time spent in this place.
 B = Non-inter-level travel time spent in this place.
 C = Inter-level travel time spent in this place.
 D = Time resting spent in this place.
 E = Time spent auto-exploring this place.
 F = Levels seen in this place.
 G = Mean time per level.
                   A        B        C        D        E       F      G
               +--------+--------+--------+--------+--------+-----+--------+
         Total |    686 |    659 |     27 |     40 |    410 |   2 |  343.0 |
       Dungeon |    686 |    659 |     27 |     40 |    410 |   2 |  343.0 |
               +--------+--------+--------+--------+--------+-----+--------+

Top non-repeatable levels by time:
     D:1: 646 daAuts
     D:2: 40 daAuts
